Golden Knights vs Canadiens
Created - December 30, 2023 at 20:19
Goals
|
| Golden Knights |
2 |
1 |
1 |
0 |
2 |
5 |
| Canadiens |
1 |
2 |
1 |
0 |
1 |
4 |
|
Shots
|
| Golden Knights |
11 |
9 |
10 |
0 |
4 |
30 |
| Canadiens |
14 |
7 |
12 |
1 |
4 |
34 |
|
1st period
1. Golden Knights , Anton Lindholm 2 (Roope Hintz 3, Steven Stamkos 22) at 3:01
2. Golden Knights , Gabriel Bourque 3 (Jonathan Marchessault 2, Anton Lindholm 5) at 10:21
3. Canadiens , David Pastrnak 13 (Mika Zibanejad 24) at 19:20
Penalties :
Robin Lehner (Mon) for Delaying the game (Minor) at 6:58 - Cam Fowler served the penalty
2nd period
4. Canadiens , Jiri Sekac 6 (Brent Burns 5) at 6:03
5. Golden Knights , Jamie Benn 6 (Andrei Loktionov 16, Ondrej Pavelec) at 14:05 (PP)
6. Canadiens , David Pastrnak 14 (Chris Kreider 9) at 19:52
Penalties :
Brent Burns (Mon) for Roughing (Minor) at 12:58, Gabriel Bourque (Veg) for Holding (Minor) at 15:31
3rd period
7. Canadiens , David Pastrnak 15 (Mika Zibanejad 25, Chris Kreider 10) at 8:57
8. Golden Knights , Jamie Benn 7 (Olli Maatta 9, Jamie Oleksiak 7) at 12:37
Penalties :
Zach Bogosian (Veg) for Hooking (Minor) at 1:26, Andrei Loktionov (Veg) for Roughing (Minor) at 6:52, Jonathan Marchessault (Veg) for Holding Stick (Minor) at 14:40
Overtime #1
No Goal
Penalties :
No Penalty
Shootout
Golden Knights, Steven Stamkos - Shot Misses the Net
Canadiens, David Pastrnak - Stopped by Ondrej Pavelec
Golden Knights, Brendan Gallagher - Goal!
Canadiens, Jean-Gabriel Pageau - Goal!
Golden Knights, Andrei Loktionov - Stopped by Robin Lehner
Canadiens, Mika Zibanejad - Shot Misses the Net
Golden Knights, Cal Clutterbuck - Goal!
Canadiens, Artemi Panarin - Stopped by Ondrej Pavelec
Penalties :
No Penalty
Goalie Stats
Ondrej Pavelec (Veg), 30 saves from 34 shots - (0.882), W, 16-8-1, 65:00 minutes
Robin Lehner (Mon), 26 saves from 30 shots - (0.867), OTL, 13-7-4, 65:00 minutes
Players Stats for Golden Knights
Player Name G A P +/- PIM S H SB GA TA FO MP PP MP PK MP
------------------------------------------------------------------------------------
Andrei Loktionov 0 1 1 -1 2 3 2 0 0 1 8/11 18:53 1:32 2:16
Andrew Cogliano 0 0 0 -2 0 2 0 0 1 0 1/1 18:07 1:33 4:32
Anton Lindholm 1 1 2 3 0 2 0 0 0 0 0/0 12:07 0:00 0:16
Brendan Gallagher 0 0 0 0 0 2 6 0 0 0 0/1 19:38 1:33 0:00
Cal Clutterbuck 0 0 0 0 0 2 0 0 1 0 1/3 16:42 1:24 0:00
Cedric Paquette 0 0 0 -1 0 0 0 0 0 0 3/5 11:33 0:01 1:11
Christopher Tanev 0 0 0 3 0 0 0 0 0 0 0/0 12:34 0:00 0:58
Gabriel Bourque 1 0 1 1 2 2 0 0 0 0 0/1 9:11 0:09 0:41
Jamie Benn 2 0 2 0 0 3 0 1 0 0 0/0 18:26 1:24 2:30
Jamie Oleksiak 0 1 1 -3 0 0 1 1 0 3 0/0 22:49 1:39 4:03
Jonathan Marchessault 0 1 1 1 2 0 1 0 0 0 0/2 7:46 0:00 0:00
JT Compher 0 0 0 -1 0 2 1 0 0 0 0/0 11:44 0:09 0:00
Luke Glendening 0 0 0 1 0 2 0 0 0 0 0/0 7:59 0:00 0:00
Mathew Dumba 0 0 0 -1 0 0 2 2 1 4 0/0 28:14 1:27 4:27
Olli Maatta 0 1 1 -3 0 0 1 0 0 1 0/0 22:06 1:39 3:13
Roope Hintz 0 1 1 0 0 4 4 0 0 1 0/1 16:37 0:00 0:13
Steven Stamkos 0 1 1 -1 0 2 0 1 1 0 22/36 24:39 1:33 4:29
Zach Bogosian 0 0 0 -1 2 4 1 2 1 2 0/0 27:55 1:27 2:55
Players Stats for Canadiens
Player Name G A P +/- PIM S H SB GA TA FO MP PP MP PK MP
------------------------------------------------------------------------------------
Alexandre Grenier 0 0 0 -3 0 0 2 0 0 0 0/0 7:19 0:00 0:00
Artemi Panarin 0 0 0 0 0 2 1 1 0 0 0/2 19:07 2:41 0:36
Brandon Bollig 0 0 0 -3 0 1 0 0 1 0 0/0 7:05 0:01 0:00
Brent Burns 0 1 1 2 2 0 0 0 0 0 0/0 12:19 0:00 0:48
Brian Dumoulin 0 0 0 -2 0 0 0 4 0 1 0/0 23:52 4:25 1:31
Cam Fowler 0 0 0 1 0 1 2 1 4 0 0/0 26:22 3:31 0:26
Chris Kreider 0 2 2 3 0 0 4 1 2 0 0/2 24:20 5:14 1:38
Corban Knight 0 0 0 -3 0 3 0 0 0 0 1/2 8:20 0:01 0:52
David Pastrnak 3 0 3 3 0 6 2 0 1 1 0/1 23:21 5:15 0:00
Jamie Arniel 0 0 0 1 0 1 0 0 0 0 4/7 12:48 0:00 1:38
Jean-Gabriel Pageau 0 0 0 0 0 2 4 1 0 1 7/14 18:44 2:41 0:00
Jiri Sekac 1 0 1 1 0 2 3 0 0 0 0/1 12:21 0:00 0:52
Jordan Szwarz 0 0 0 0 0 2 0 0 0 0 0/2 18:10 2:41 0:00
Justin Schultz 0 0 0 -2 0 1 1 0 0 0 0/0 20:50 3:31 0:21
Mika Zibanejad 0 2 2 3 0 3 4 0 2 0 14/30 23:14 5:14 0:00
Rasmus Ristolainen 0 0 0 1 0 3 1 3 1 1 0/0 29:53 4:25 1:33
Rickard Rakell 0 0 0 1 0 7 1 1 1 1 0/0 12:05 0:00 0:36
Sean Zimmerman 0 0 0 2 0 0 1 4 0 0 0/0 11:43 0:00 1:33
3 Stars
1 - David Pastrnak (Mon)
2 - Anton Lindholm (Veg)
3 - Chris Kreider (Mon)
Power Play
Golden Knights - 1 on 2 Attempt(s) - 50.00%
Canadiens - 0 on 4 Attempt(s) - 0.00%
Penalty Kill
Golden Knights - 4 on 4 Attempt(s) - 100.00%
- Score 0 goal in Penalty Kill
Canadiens - 1 on 2 Attempt(s) - 50.00%
- Score 0 goal in Penalty Kill
Team Stat
Golden Knights - Hits : 19 - Faceoff Wins : 35 - Blocked Shots : 7 - Penalty Minutes : 8
Canadiens - Hits : 26 - Faceoff Wins : 26 - Blocked Shots : 16 - Penalty Minutes : 4
Official
Referees : Frederick L'Ecuyer and Tim Peel
Linesman : Jonny Murray and Derek Nansen
Game Notes
David Pastrnak has scored a Hat Trick!
Finance
Level 1 -- Attendance: 6000 (100.00%) -- Ticket Income $600,000
Level 2 -- Attendance: 5000 (100.00%) -- Ticket Income $300,000
Level 3 -- Attendance: 1935 (96.75%) -- Ticket Income $67,725
Level 4 -- Attendance: 3806 (95.15%) -- Ticket Income $95,150
Luxury Box -- Attendance: 1000 (100.00%) -- Ticket Income $200,000
Game was played at the Centre Bell.
Total Attendance: 17741 (98.56%)
Total Ticket Income: $1,262,875
Other Income: $189,431
Total Income: $1,452,306
Golden Knights
5 vs 5 Forward
Center Left Wing Right Wing Time % Phy DF OF
1 Steven Stamkos Roope Hintz Brendan Gallagher 40 1 2 2
2 Andrei Loktionov Jamie Benn Cal Clutterbuck 30 1 2 2
3 Cedric Paquette Andrew Cogliano JT Compher 20 1 2 2
4 Jonathan Marchessault Gabriel Bourque Luke Glendening 10 1 2 2
5 vs 5 Defense
Defense Defense Time % Phy DF OF
1 Zach Bogosian Mathew Dumba 40 1 2 2
2 Olli Maatta Jamie Oleksiak 30 1 2 2
3 Christopher Tanev Anton Lindholm 20 1 2 2
4 Zach Bogosian Mathew Dumba 10 1 2 2
PowerPlay Forward
Center Left Wing Right Wing Time % Phy DF OF
1 Steven Stamkos Andrew Cogliano Brendan Gallagher 60 1 2 2
2 Andrei Loktionov Jamie Benn Cal Clutterbuck 40 1 2 2
PowerPlay Defense
Defense Defense Time % Phy DF OF
1 Zach Bogosian Mathew Dumba 60 1 2 2
2 Olli Maatta Jamie Oleksiak 40 1 2 2
Penalty Kill 4 Players Forward
Center Wing Time % Phy DF OF
1 Steven Stamkos Andrew Cogliano 60 1 2 2
2 Andrei Loktionov Jamie Benn 40 1 2 2
Penalty Kill 4 Players Defense
Defense Defense Time % Phy DF OF
1 Zach Bogosian Mathew Dumba 60 1 2 2
2 Olli Maatta Jamie Oleksiak 40 1 2 2
Penalty Kill - 3 Players Forward
Forward Time % Phy DF OF
1 Steven Stamkos 60 1 2 2
2 Andrei Loktionov 40 1 2 2
Penalty Kill - 3 Players Defense
Defense Defense Time % Phy DF OF
1 Zach Bogosian Mathew Dumba 60 1 2 2
2 Olli Maatta Jamie Oleksiak 40 1 2 2
4 vs 4 Forward
Center Wing Time % Phy DF OF
1 Steven Stamkos Andrew Cogliano 60 1 2 2
2 Andrei Loktionov Jamie Benn 40 1 2 2
4 vs 4 Defense
Defense Defense Time % Phy DF OF
1 Zach Bogosian Mathew Dumba 60 1 2 2
2 Olli Maatta Jamie Oleksiak 40 1 2 2
Last Minutes Offensive
Center Left Wing Right Wing Defense Defense
Steven Stamkos Andrew Cogliano Brendan Gallagher Zach Bogosian Mathew Dumba
Last Minutes Defensive
Center Left Wing Right Wing Defense Defense
Steven Stamkos Andrew Cogliano Brendan Gallagher Zach Bogosian Mathew Dumba
Goaltenders
Starting : Ondrej Pavelec
Backup : Laurent Brossoit
Extra Forwards
Normal : Andrew Cogliano, Jamie Benn, JT Compher - PP : Andrew Cogliano, Jamie Benn - PK : Andrew Cogliano
Extra Defensemen
Normal : Jamie Oleksiak, Christopher Tanev, Anton Lindholm - PP : Jamie Oleksiak - PK : Jamie Oleksiak, Christopher Tanev
Penalty Shots
Steven Stamkos, Brendan Gallagher, Andrei Loktionov, Cal Clutterbuck, Andrew Cogliano
Custom OT Lines Forwards
Steven Stamkos, Brendan Gallagher, Andrei Loktionov, Cal Clutterbuck, Andrew Cogliano, Jamie Benn, JT Compher, Luke Glendening, Gabriel Bourque, Roope Hintz
Custom OT Lines Defensemen
Zach Bogosian, Mathew Dumba, Olli Maatta, Jamie Oleksiak, Christopher Tanev
Scratches
Frederick Gaudreau (Left Wrist Injury), Tomas Nosek (Healthy)
Canadiens
5 vs 5 Forward
Center Left Wing Right Wing Time % Phy DF OF
1 Mika Zibanejad Chris Kreider David Pastrnak 40 0 1 4
2 Jean-Gabriel Pageau Artemi Panarin Jordan Szwarz 35 0 1 4
3 Jamie Arniel Jiri Sekac Rickard Rakell 20 0 2 3
4 Corban Knight Brandon Bollig Alexandre Grenier 5 0 2 3
5 vs 5 Defense
Defense Defense Time % Phy DF OF
1 Rasmus Ristolainen Cam Fowler 40 0 3 2
2 Justin Schultz Brian Dumoulin 35 0 3 2
3 Sean Zimmerman Brent Burns 15 0 3 2
4 Cam Fowler Rasmus Ristolainen 10 0 3 2
PowerPlay Forward
Center Left Wing Right Wing Time % Phy DF OF
1 Mika Zibanejad Chris Kreider David Pastrnak 60 0 0 5
2 Jean-Gabriel Pageau Artemi Panarin Jordan Szwarz 40 0 0 5
PowerPlay Defense
Defense Defense Time % Phy DF OF
1 Brian Dumoulin Rasmus Ristolainen 60 0 0 5
2 Justin Schultz Cam Fowler 40 0 0 5
Penalty Kill 4 Players Forward
Center Wing Time % Phy DF OF
1 Jamie Arniel Chris Kreider 60 0 4 1
2 Corban Knight Jiri Sekac 40 0 4 1
Penalty Kill 4 Players Defense
Defense Defense Time % Phy DF OF
1 Sean Zimmerman Rasmus Ristolainen 60 0 5 0
2 Brent Burns Cam Fowler 40 0 5 0
Penalty Kill - 3 Players Forward
Forward Time % Phy DF OF
1 Jean-Gabriel Pageau 60 0 5 0
2 Mika Zibanejad 40 0 5 0
Penalty Kill - 3 Players Defense
Defense Defense Time % Phy DF OF
1 Cam Fowler Brent Burns 60 0 5 0
2 Rasmus Ristolainen Brian Dumoulin 40 0 5 0
4 vs 4 Forward
Center Wing Time % Phy DF OF
1 Jean-Gabriel Pageau Artemi Panarin 60 0 2 3
2 Mika Zibanejad David Pastrnak 40 0 2 3
4 vs 4 Defense
Defense Defense Time % Phy DF OF
1 Brent Burns Sean Zimmerman 60 0 2 3
2 Justin Schultz Brian Dumoulin 40 0 2 3
Last Minutes Offensive
Center Left Wing Right Wing Defense Defense
Mika Zibanejad Chris Kreider David Pastrnak Rasmus Ristolainen Cam Fowler
Last Minutes Defensive
Center Left Wing Right Wing Defense Defense
Jean-Gabriel Pageau Jiri Sekac Jordan Szwarz Brent Burns Sean Zimmerman
Goaltenders
Starting : Robin Lehner
Backup : Igor Shesterkin
Extra Forwards
Normal : David Pastrnak, Mika Zibanejad, Chris Kreider - PP : David Pastrnak, Mika Zibanejad - PK : Rickard Rakell
Extra Defensemen
Normal : Rasmus Ristolainen, Cam Fowler, Brian Dumoulin - PP : Rasmus Ristolainen - PK : Cam Fowler, Sean Zimmerman
Penalty Shots
David Pastrnak, Jean-Gabriel Pageau, Mika Zibanejad, Artemi Panarin, Rickard Rakell
Custom OT Lines Forwards
Mika Zibanejad, David Pastrnak, Chris Kreider, Jean-Gabriel Pageau, Artemi Panarin, Jordan Szwarz, Rickard Rakell, Jiri Sekac, Corban Knight, Jamie Arniel
Custom OT Lines Defensemen
Rasmus Ristolainen, Cam Fowler, Brent Burns, Justin Schultz, Brian Dumoulin
Scratches
None
% Time on Ice - Golden Knights
Lines # - Real PCT - Wanted PCT - Time Play
Normal Forward
1 - 37% - 40% - 18:18
2 - 27% - 30% - 13:15
3 - 20% - 20% - 9:57
4 - 15% - 10% - 7:28
Normal Defense
1 - 38% - 40% - 18:50
2 - 34% - 30% - 16:48
3 - 23% - 20% - 11:08
4 - 4% - 10% - 2:12
PP Forward
1 - 50% - 60% - 1:33
2 - 50% - 40% - 1:33
PP Defense
1 - 47% - 60% - 1:27
2 - 53% - 40% - 1:39
PK Forward
1 - 76% - 60% - 6:03
2 - 24% - 40% - 1:53
PK Defense
1 - 59% - 60% - 4:43
2 - 41% - 40% - 3:13
PK3 Forward
1 - 0% - 60%
2 - 0% - 40%
PK3 Defense
1 - 0% - 60%
2 - 0% - 40%
44 Forward
1 - 0% - 60%
2 - 0% - 40%
44 Defense
1 - 0% - 60%
2 - 0% - 40%
Last Minute Offensive - 0:00
Last Minute Defensive - 0:00
Total
Forward - 60:00
Defense - 60:00
|
% Time on Ice - Canadiens
Lines # - Real PCT - Wanted PCT - Time Play
Normal Forward
1 - 33% - 40% - 16:20
2 - 30% - 35% - 14:41
3 - 23% - 20% - 11:10
4 - 14% - 5% - 6:47
Normal Defense
1 - 39% - 40% - 19:07
2 - 35% - 35% - 16:58
3 - 21% - 15% - 10:10
4 - 6% - 10% - 2:43
PP Forward
1 - 66% - 60% - 5:15
2 - 34% - 40% - 2:41
PP Defense
1 - 56% - 60% - 4:25
2 - 44% - 40% - 3:31
PK Forward
1 - 72% - 60% - 2:14
2 - 28% - 40% - 0:52
PK Defense
1 - 50% - 60% - 1:33
2 - 50% - 40% - 1:33
PK3 Forward
1 - 0% - 60%
2 - 0% - 40%
PK3 Defense
1 - 0% - 60%
2 - 0% - 40%
44 Forward
1 - 0% - 60%
2 - 0% - 40%
44 Defense
1 - 0% - 60%
2 - 0% - 40%
Last Minute Offensive - 0:00
Last Minute Defensive - 0:00
Total
Forward - 60:00
Defense - 60:00
|
Play-by-Play
1st period
0:01 of 1st period - Steven Stamkos wins face-off versus Mika Zibanejad in neutral zone.
0:30 of 1st period - Chris Kreider is hit by Olli Maatta and loses puck.
0:57 of 1st period - Olli Maatta is hit by Chris Kreider and loses puck.
1:54 of 1st period - Slapshot by David Pastrnak.
1:54 of 1st period - Stopped by Ondrej Pavelec with a rebound.
1:56 of 1st period - Snap shot by Mika Zibanejad.
1:56 of 1st period - Deflect By David Pastrnak.
1:56 of 1st period - Shot Misses the Net.
1:56 of 1st period - Puck is out of play.
1:57 of 1st period - Andrei Loktionov wins face-off versus Jean-Gabriel Pageau in Golden Knights zone.
2:01 of 1st period - Off-side.
2:02 of 1st period - Cal Clutterbuck wins face-off versus Jean-Gabriel Pageau in neutral zone.
2:28 of 1st period - Snap shot by Rickard Rakell.
2:28 of 1st period - Stopped by Ondrej Pavelec with a rebound.
2:30 of 1st period - Wrist shot by Rickard Rakell.
2:30 of 1st period - Stopped by Ondrej Pavelec with a rebound.
2:36 of 1st period - Snap shot by Rickard Rakell.
2:36 of 1st period - Shot Misses the Net.
2:38 of 1st period - Wrist shot by Rickard Rakell.
2:38 of 1st period - Shot Misses the Net.
2:48 of 1st period - Brent Burns is hit by Brendan Gallagher and loses puck.
2:55 of 1st period - Slapshot by Steven Stamkos.
2:55 of 1st period - Deflect By Brent Burns.
2:55 of 1st period - Stopped by Robin Lehner with a rebound.
2:57 of 1st period - Slapshot by Anton Lindholm.
2:57 of 1st period - Shot Blocked by Sean Zimmerman.
2:59 of 1st period - Snap shot by Roope Hintz.
2:59 of 1st period - Stopped by Robin Lehner with a rebound.
3:01 of 1st period - Slapshot by Anton Lindholm.
3:01 of 1st period - Goal by Anton Lindholm - Golden Knights : 1 - Canadiens : 0.
3:02 of 1st period - Andrei Loktionov wins face-off versus Jean-Gabriel Pageau in neutral zone.
3:15 of 1st period - Slapshot by Zach Bogosian.
3:15 of 1st period - Shot Blocked by Artemi Panarin.
3:34 of 1st period - Rickard Rakell is hit by Roope Hintz and loses puck.
3:40 of 1st period - Off-side.
3:41 of 1st period - Jean-Gabriel Pageau wins face-off versus Jonathan Marchessault in neutral zone.
3:49 of 1st period - Slapshot by Zach Bogosian.
3:49 of 1st period - Shot Blocked by Rasmus Ristolainen.
3:51 of 1st period - Slapshot by Zach Bogosian.
3:51 of 1st period - Stopped by Robin Lehner without a rebound.
3:52 of 1st period - Steven Stamkos wins face-off versus Artemi Panarin in Canadiens zone.
6:21 of 1st period - Cal Clutterbuck is hit by Mika Zibanejad and loses puck.
6:58 of 1st period - Wrist shot by Jamie Benn.
6:58 of 1st period - Stopped by Robin Lehner without a rebound.
6:58 of 1st period - Minor Penalty to Robin Lehner for Delaying the game.
6:59 of 1st period - Jamie Arniel wins face-off versus Steven Stamkos in Canadiens zone.
8:32 of 1st period - Steven Stamkos is hit by Jiri Sekac and loses puck.
8:37 of 1st period - Snap shot by Jiri Sekac.
8:37 of 1st period - Shot Blocked by Mathew Dumba.
8:39 of 1st period - Snap shot by Jiri Sekac.
8:39 of 1st period - Stopped by Ondrej Pavelec with a rebound.
8:41 of 1st period - Slapshot by Sean Zimmerman.
8:41 of 1st period - Shot Blocked by Zach Bogosian.
8:58 of 1st period - Penalty to Cam Fowler is over, Cam Fowler is back on ice.
9:31 of 1st period - Snap shot by Corban Knight.
9:31 of 1st period - Stopped by Ondrej Pavelec without a rebound.
9:32 of 1st period - Mika Zibanejad wins face-off versus Cedric Paquette in Golden Knights zone.
9:39 of 1st period - Snap shot by Andrew Cogliano.
9:39 of 1st period - Shot Blocked by Sean Zimmerman.
10:13 of 1st period - Snap shot by Corban Knight.
10:13 of 1st period - Shot Misses the Net.
10:21 of 1st period - Wrist shot by Gabriel Bourque.
10:21 of 1st period - Goal by Gabriel Bourque - Golden Knights : 2 - Canadiens : 0.
10:22 of 1st period - Mika Zibanejad wins face-off versus Steven Stamkos in neutral zone.
11:02 of 1st period - Off-side.
11:03 of 1st period - Jamie Arniel wins face-off versus Andrei Loktionov in neutral zone.
11:16 of 1st period - Wrist shot by Jamie Arniel.
11:16 of 1st period - Shot Misses the Net.
11:18 of 1st period - Slapshot by Jamie Arniel.
11:18 of 1st period - Stopped by Ondrej Pavelec with a rebound.
11:28 of 1st period - Brian Dumoulin is hit by Brendan Gallagher and loses puck.
11:37 of 1st period - Olli Maatta is hit by Justin Schultz and loses puck.
12:16 of 1st period - Snap shot by Gabriel Bourque.
12:16 of 1st period - Stopped by Robin Lehner without a rebound.
12:17 of 1st period - Jean-Gabriel Pageau wins face-off versus Steven Stamkos in Canadiens zone.
13:50 of 1st period - Slapshot by Rasmus Ristolainen.
13:50 of 1st period - Stopped by Ondrej Pavelec with a rebound.
13:54 of 1st period - Wrist shot by Jordan Szwarz.
13:54 of 1st period - Stopped by Ondrej Pavelec with a rebound.
14:10 of 1st period - Wrist shot by Andrei Loktionov.
14:10 of 1st period - Shot Misses the Net.
14:12 of 1st period - Wrist shot by Andrei Loktionov.
14:12 of 1st period - Shot Blocked by Sean Zimmerman.
14:14 of 1st period - Wrist shot by Andrei Loktionov.
14:14 of 1st period - Shot Blocked by Sean Zimmerman.
14:40 of 1st period - Wrist shot by Andrew Cogliano.
14:40 of 1st period - Stopped by Robin Lehner with a rebound.
14:48 of 1st period - Wrist shot by David Pastrnak.
14:48 of 1st period - Shot Misses the Net.
14:50 of 1st period - Slapshot by Brent Burns.
14:50 of 1st period - Shot Misses the Net.
14:52 of 1st period - Wrist shot by Chris Kreider.
14:52 of 1st period - Shot Misses the Net.
16:00 of 1st period - Backhand shot by Andrei Loktionov.
16:00 of 1st period - Stopped by Robin Lehner with a rebound.
16:02 of 1st period - Slapshot by Anton Lindholm.
16:02 of 1st period - Stopped by Robin Lehner with a rebound.
16:49 of 1st period - Slapshot by Zach Bogosian.
16:49 of 1st period - Stopped by Robin Lehner without a rebound.
16:50 of 1st period - Steven Stamkos wins face-off versus Jamie Arniel in Canadiens zone.
17:39 of 1st period - Cedric Paquette is hit by David Pastrnak and loses puck.
18:19 of 1st period - Rickard Rakell is hit by Mathew Dumba and loses puck.
19:02 of 1st period - Wrist shot by Jordan Szwarz.
19:02 of 1st period - Shot Misses the Net.
19:04 of 1st period - Snap shot by Jean-Gabriel Pageau.
19:04 of 1st period - Stopped by Ondrej Pavelec with a rebound.
19:08 of 1st period - Slapshot by Jean-Gabriel Pageau.
19:08 of 1st period - Stopped by Ondrej Pavelec without a rebound.
19:09 of 1st period - Mika Zibanejad wins face-off versus Steven Stamkos in Golden Knights zone.
19:18 of 1st period - Wrist shot by Mika Zibanejad.
19:18 of 1st period - Stopped by Ondrej Pavelec without a rebound.
19:19 of 1st period - Mika Zibanejad wins face-off versus Steven Stamkos in Golden Knights zone.
19:20 of 1st period - Wrist shot by David Pastrnak.
19:20 of 1st period - Goal by David Pastrnak - Golden Knights : 2 - Canadiens : 1.
19:21 of 1st period - Mika Zibanejad wins face-off versus Steven Stamkos in neutral zone.
19:24 of 1st period - Slapshot by Rasmus Ristolainen.
19:24 of 1st period - Shot Misses the Net.
19:30 of 1st period - Snap shot by David Pastrnak.
19:30 of 1st period - Stopped by Ondrej Pavelec without a rebound.
19:31 of 1st period - Mika Zibanejad wins face-off versus Roope Hintz in Golden Knights zone.
19:46 of 1st period - Wrist shot by Chris Kreider.
19:46 of 1st period - Shot Misses the Net.
19:50 of 1st period - Wrist shot by Chris Kreider.
19:50 of 1st period - Shot Blocked by Steven Stamkos.
19:52 of 1st period - Snap shot by Rasmus Ristolainen.
19:52 of 1st period - Stopped by Ondrej Pavelec without a rebound.
19:53 of 1st period - Andrei Loktionov wins face-off versus Artemi Panarin in Golden Knights zone.
19:57 of 1st period - Zach Bogosian is hit by Artemi Panarin and loses puck.
Goals for this period are 2 for Golden Knights vs 1 for Canadiens.
Shots for this period are 11 for Golden Knights vs 14 for Canadiens.
2nd period
0:01 of 2nd period - Steven Stamkos wins face-off versus Jordan Szwarz in neutral zone.
0:16 of 2nd period - Snap shot by Jordan Szwarz.
0:16 of 2nd period - Shot Misses the Net.
0:50 of 2nd period - Wrist shot by Cam Fowler.
0:50 of 2nd period - Deflect By Rickard Rakell.
0:50 of 2nd period - Stopped by Ondrej Pavelec without a rebound.
0:51 of 2nd period - Cedric Paquette wins face-off versus Jamie Arniel in Golden Knights zone.
1:06 of 2nd period - Snap shot by Rickard Rakell.
1:06 of 2nd period - Stopped by Ondrej Pavelec with a rebound.
1:16 of 2nd period - Olli Maatta is hit by Mika Zibanejad and loses puck.
2:23 of 2nd period - Slapshot by Rasmus Ristolainen.
2:23 of 2nd period - Stopped by Ondrej Pavelec without a rebound.
2:24 of 2nd period - Andrei Loktionov wins face-off versus Corban Knight in Golden Knights zone.
2:31 of 2nd period - Snap shot by Corban Knight.
2:31 of 2nd period - Stopped by Ondrej Pavelec without a rebound.
2:32 of 2nd period - Andrei Loktionov wins face-off versus Jean-Gabriel Pageau in Golden Knights zone.
2:41 of 2nd period - Snap shot by Cal Clutterbuck.
2:41 of 2nd period - Stopped by Robin Lehner with a rebound.
2:59 of 2nd period - JT Compher is hit by Chris Kreider and loses puck.
3:08 of 2nd period - Wrist shot by JT Compher.
3:08 of 2nd period - Shot Blocked by Rasmus Ristolainen.
3:10 of 2nd period - Slapshot by Mathew Dumba.
3:10 of 2nd period - Shot Misses the Net.
3:27 of 2nd period - Rickard Rakell is hit by Roope Hintz and loses puck.
3:42 of 2nd period - Snap shot by Rasmus Ristolainen.
3:42 of 2nd period - Shot Misses the Net.
4:08 of 2nd period - Snap shot by Andrei Loktionov.
4:08 of 2nd period - Shot Blocked by Jean-Gabriel Pageau.
4:10 of 2nd period - Wrist shot by Cal Clutterbuck.
4:10 of 2nd period - Shot Blocked by Brian Dumoulin.
4:12 of 2nd period - Wrist shot by Andrei Loktionov.
4:12 of 2nd period - Stopped by Robin Lehner without a rebound.
4:13 of 2nd period - Mika Zibanejad wins face-off versus Steven Stamkos in Canadiens zone.
5:07 of 2nd period - Icing by Jamie Arniel.
5:08 of 2nd period - Cedric Paquette wins face-off versus Jamie Arniel in Canadiens zone.
5:32 of 2nd period - JT Compher is hit by Jiri Sekac and loses puck.
6:03 of 2nd period - Snap shot by Jiri Sekac.
6:03 of 2nd period - Goal by Jiri Sekac - Golden Knights : 2 - Canadiens : 2.
6:04 of 2nd period - Steven Stamkos wins face-off versus Mika Zibanejad in neutral zone.
6:13 of 2nd period - Snap shot by Steven Stamkos.
6:13 of 2nd period - Deflect By David Pastrnak.
6:13 of 2nd period - Shot Hit the Post.
6:13 of 2nd period - Puck is out of play.
6:14 of 2nd period - Steven Stamkos wins face-off versus Mika Zibanejad in Canadiens zone.
6:17 of 2nd period - Slapshot by Brendan Gallagher.
6:17 of 2nd period - Stopped by Robin Lehner without a rebound.
6:18 of 2nd period - Mika Zibanejad wins face-off versus Steven Stamkos in Canadiens zone.
6:18 of 2nd period - Mika Zibanejad is hit by Roope Hintz.
6:27 of 2nd period - David Pastrnak is hit by Brendan Gallagher and loses puck.
6:44 of 2nd period - Chris Kreider is hit by Mathew Dumba and loses puck.
7:51 of 2nd period - Snap shot by Brandon Bollig.
7:51 of 2nd period - Stopped by Ondrej Pavelec without a rebound.
7:52 of 2nd period - Corban Knight wins face-off versus Jonathan Marchessault in Golden Knights zone.
7:53 of 2nd period - Slapshot by Rasmus Ristolainen.
7:53 of 2nd period - Shot Misses the Net.
8:03 of 2nd period - Slapshot by Zach Bogosian.
8:03 of 2nd period - Shot Blocked by Cam Fowler.
8:11 of 2nd period - Snap shot by Gabriel Bourque.
8:11 of 2nd period - Shot Misses the Net.
8:23 of 2nd period - Snap shot by Luke Glendening.
8:23 of 2nd period - Shot Misses the Net.
8:25 of 2nd period - Snap shot by Luke Glendening.
8:25 of 2nd period - Stopped by Robin Lehner without a rebound.
8:26 of 2nd period - Jean-Gabriel Pageau wins face-off versus Steven Stamkos in Canadiens zone.
8:26 of 2nd period - Jean-Gabriel Pageau is hit by Brendan Gallagher.
8:38 of 2nd period - Mathew Dumba is hit by Jean-Gabriel Pageau and loses puck.
8:53 of 2nd period - Chris Kreider is hit by Andrei Loktionov and loses puck.
9:21 of 2nd period - Off-side.
9:22 of 2nd period - Steven Stamkos wins face-off versus Jean-Gabriel Pageau in neutral zone.
9:55 of 2nd period - Backhand shot by Andrei Loktionov.
9:55 of 2nd period - Stopped by Robin Lehner without a rebound.
9:56 of 2nd period - Andrei Loktionov wins face-off versus Mika Zibanejad in Canadiens zone.
10:07 of 2nd period - Slapshot by Justin Schultz.
10:07 of 2nd period - Shot Misses the Net.
10:23 of 2nd period - Jean-Gabriel Pageau is hit by Roope Hintz.
10:33 of 2nd period - Wrist shot by Steven Stamkos.
10:33 of 2nd period - Shot Misses the Net.
10:35 of 2nd period - Slapshot by Zach Bogosian.
10:35 of 2nd period - Deflect By Brian Dumoulin.
10:35 of 2nd period - Stopped by Robin Lehner without a rebound.
10:36 of 2nd period - Mika Zibanejad wins face-off versus Andrei Loktionov in Canadiens zone.
10:49 of 2nd period - Snap shot by Cal Clutterbuck.
10:49 of 2nd period - Stopped by Robin Lehner with a rebound.
10:51 of 2nd period - Wrist shot by Andrei Loktionov.
10:51 of 2nd period - Shot Misses the Net.
11:25 of 2nd period - Rasmus Ristolainen is hit by JT Compher.
11:44 of 2nd period - Alexandre Grenier is hit by Jonathan Marchessault and loses puck.
11:49 of 2nd period - Snap shot by Gabriel Bourque.
11:49 of 2nd period - Shot Blocked by Brian Dumoulin.
11:51 of 2nd period - Wrist shot by Gabriel Bourque.
11:51 of 2nd period - Deflect By Corban Knight.
11:51 of 2nd period - Shot Misses the Net.
11:51 of 2nd period - Puck is out of play.
11:52 of 2nd period - Mika Zibanejad wins face-off versus Steven Stamkos in Canadiens zone.
12:45 of 2nd period - JT Compher is hit by Sean Zimmerman and loses puck.
12:58 of 2nd period - Minor Penalty to Brent Burns for Roughing.
12:59 of 2nd period - Jamie Arniel wins face-off versus Steven Stamkos in Canadiens zone.
13:48 of 2nd period - Cam Fowler is hit by Jamie Oleksiak and loses puck.
14:03 of 2nd period - Snap shot by Andrei Loktionov.
14:03 of 2nd period - Shot Blocked by Rickard Rakell.
14:05 of 2nd period - Slapshot by Jamie Benn.
14:05 of 2nd period - Goal by Jamie Benn - Golden Knights : 3 - Canadiens : 2.
14:06 of 2nd period - Steven Stamkos wins face-off versus David Pastrnak in neutral zone.
14:11 of 2nd period - Snap shot by Steven Stamkos.
14:11 of 2nd period - Shot Misses the Net.
14:34 of 2nd period - Cedric Paquette is hit by Cam Fowler and loses puck.
15:19 of 2nd period - Slapshot by Zach Bogosian.
15:19 of 2nd period - Shot Misses the Net.
15:31 of 2nd period - Minor Penalty to Gabriel Bourque for Holding.
15:32 of 2nd period - Andrew Cogliano wins face-off versus Mika Zibanejad in Golden Knights zone.
17:31 of 2nd period - Penalty to Gabriel Bourque is over, Gabriel Bourque is back on ice.
17:43 of 2nd period - Off-side.
17:44 of 2nd period - Jamie Arniel wins face-off versus Gabriel Bourque in neutral zone.
17:57 of 2nd period - Snap shot by Luke Glendening.
17:57 of 2nd period - Stopped by Robin Lehner without a rebound.
17:58 of 2nd period - Jean-Gabriel Pageau wins face-off versus Steven Stamkos in Canadiens zone.
18:23 of 2nd period - Andrei Loktionov is hit by Chris Kreider and loses puck.
18:51 of 2nd period - Olli Maatta is hit by Rasmus Ristolainen and loses puck.
19:11 of 2nd period - Snap shot by Gabriel Bourque.
19:11 of 2nd period - Shot Misses the Net.
19:13 of 2nd period - Wrist shot by Gabriel Bourque.
19:13 of 2nd period - Shot Blocked by Brian Dumoulin.
19:52 of 2nd period - Snap shot by David Pastrnak.
19:52 of 2nd period - Goal by David Pastrnak - Golden Knights : 3 - Canadiens : 3.
19:53 of 2nd period - Steven Stamkos wins face-off versus Mika Zibanejad in neutral zone.
Goals for this period are 1 for Golden Knights vs 2 for Canadiens.
Shots for this period are 9 for Golden Knights vs 7 for Canadiens.
3rd period
0:01 of 3rd period - Steven Stamkos wins face-off versus Mika Zibanejad in neutral zone.
0:38 of 3rd period - Slapshot by Cam Fowler.
0:38 of 3rd period - Deflect By Artemi Panarin.
0:38 of 3rd period - Shot Blocked by Mathew Dumba.
0:38 of 3rd period - Puck is out of play.
0:39 of 3rd period - Cedric Paquette wins face-off versus Mika Zibanejad in Golden Knights zone.
0:50 of 3rd period - Slapshot by Andrew Cogliano.
0:50 of 3rd period - Stopped by Robin Lehner with a rebound.
1:09 of 3rd period - Off-side.
1:10 of 3rd period - Steven Stamkos wins face-off versus Jiri Sekac in neutral zone.
1:19 of 3rd period - Wrist shot by Rickard Rakell.
1:19 of 3rd period - Stopped by Ondrej Pavelec without a rebound.
1:20 of 3rd period - Mika Zibanejad wins face-off versus Brendan Gallagher in Golden Knights zone.
1:26 of 3rd period - Minor Penalty to Zach Bogosian for Hooking.
1:27 of 3rd period - Steven Stamkos wins face-off versus Mika Zibanejad in Golden Knights zone.
1:41 of 3rd period - Wrist shot by Chris Kreider.
1:41 of 3rd period - Shot Blocked by Jamie Oleksiak.
2:16 of 3rd period - Slapshot by Chris Kreider.
2:16 of 3rd period - Deflect By David Pastrnak.
2:16 of 3rd period - Shot Misses the Net.
2:16 of 3rd period - Puck is out of play.
2:17 of 3rd period - Steven Stamkos wins face-off versus Jean-Gabriel Pageau in Golden Knights zone.
3:26 of 3rd period - Penalty to Zach Bogosian is over, Zach Bogosian is back on ice.
3:40 of 3rd period - Zach Bogosian is hit by Rickard Rakell and loses puck.
4:07 of 3rd period - Snap shot by Corban Knight.
4:07 of 3rd period - Stopped by Ondrej Pavelec with a rebound.
4:58 of 3rd period - Justin Schultz is hit by Zach Bogosian and loses puck.
5:35 of 3rd period - Jamie Arniel is hit by Brendan Gallagher and loses puck.
5:50 of 3rd period - Olli Maatta is hit by Alexandre Grenier and loses puck.
6:09 of 3rd period - Zach Bogosian is hit by Jean-Gabriel Pageau and loses puck.
6:52 of 3rd period - Minor Penalty to Andrei Loktionov for Roughing.
6:53 of 3rd period - Steven Stamkos wins face-off versus Chris Kreider in Golden Knights zone.
7:19 of 3rd period - Olli Maatta is hit by Jean-Gabriel Pageau.
7:25 of 3rd period - Snap shot by Artemi Panarin.
7:25 of 3rd period - Stopped by Ondrej Pavelec with a rebound.
7:27 of 3rd period - Slapshot by Cam Fowler.
7:27 of 3rd period - Stopped by Ondrej Pavelec without a rebound.
7:28 of 3rd period - Mika Zibanejad wins face-off versus Cedric Paquette in Golden Knights zone.
7:31 of 3rd period - Slapshot by Mika Zibanejad.
7:31 of 3rd period - Stopped by Ondrej Pavelec with a rebound.
7:33 of 3rd period - Wrist shot by Justin Schultz.
7:33 of 3rd period - Shot Misses the Net.
7:35 of 3rd period - Snap shot by Chris Kreider.
7:35 of 3rd period - Shot Blocked by Jamie Benn.
7:37 of 3rd period - Wrist shot by David Pastrnak.
7:37 of 3rd period - Stopped by Ondrej Pavelec without a rebound.
7:38 of 3rd period - Steven Stamkos wins face-off versus Mika Zibanejad in Golden Knights zone.
7:47 of 3rd period - Slapshot by Rasmus Ristolainen.
7:47 of 3rd period - Shot Misses the Net.
7:59 of 3rd period - Zach Bogosian is hit by Mika Zibanejad and loses puck.
8:46 of 3rd period - Jamie Oleksiak is hit by Mika Zibanejad and loses puck.
8:52 of 3rd period - Penalty to Andrei Loktionov is over, Andrei Loktionov is back on ice.
8:55 of 3rd period - Slapshot by Mika Zibanejad.
8:55 of 3rd period - Stopped by Ondrej Pavelec with a rebound.
8:57 of 3rd period - Snap shot by David Pastrnak.
8:57 of 3rd period - Goal by David Pastrnak - Golden Knights : 3 - Canadiens : 4.
8:58 of 3rd period - Jean-Gabriel Pageau wins face-off versus Andrei Loktionov in neutral zone.
9:55 of 3rd period - Wrist shot by JT Compher.
9:55 of 3rd period - Stopped by Robin Lehner without a rebound.
9:56 of 3rd period - Andrei Loktionov wins face-off versus Jean-Gabriel Pageau in Canadiens zone.
10:12 of 3rd period - Slapshot by Andrei Loktionov.
10:12 of 3rd period - Shot Misses the Net.
10:27 of 3rd period - Wrist shot by JT Compher.
10:27 of 3rd period - Shot Misses the Net.
11:07 of 3rd period - Off-side.
11:08 of 3rd period - Steven Stamkos wins face-off versus Mika Zibanejad in neutral zone.
11:11 of 3rd period - Slapshot by Brendan Gallagher.
11:11 of 3rd period - Deflect By Steven Stamkos.
11:11 of 3rd period - Stopped by Robin Lehner with a rebound.
11:13 of 3rd period - Snap shot by Roope Hintz.
11:13 of 3rd period - Stopped by Robin Lehner without a rebound.
11:14 of 3rd period - Steven Stamkos wins face-off versus Mika Zibanejad in Canadiens zone.
11:15 of 3rd period - Snap shot by Zach Bogosian.
11:15 of 3rd period - Deflect By Steven Stamkos.
11:15 of 3rd period - Shot Blocked by Chris Kreider.
11:15 of 3rd period - Puck is out of play.
11:16 of 3rd period - Mika Zibanejad wins face-off versus Steven Stamkos in Canadiens zone.
12:04 of 3rd period - Wrist shot by Steven Stamkos.
12:04 of 3rd period - Shot Misses the Net.
12:06 of 3rd period - Slapshot by Zach Bogosian.
12:06 of 3rd period - Stopped by Robin Lehner without a rebound.
12:07 of 3rd period - Jean-Gabriel Pageau wins face-off versus Cal Clutterbuck in Canadiens zone.
12:07 of 3rd period - Jean-Gabriel Pageau is hit by Andrei Loktionov.
12:23 of 3rd period - Wrist shot by Jordan Szwarz.
12:23 of 3rd period - Shot Misses the Net.
12:33 of 3rd period - Jamie Oleksiak is hit by Alexandre Grenier.
12:37 of 3rd period - Slapshot by Olli Maatta.
12:37 of 3rd period - Deflect By Jamie Benn.
12:37 of 3rd period - Goal by Jamie Benn - Golden Knights : 4 - Canadiens : 4.
12:38 of 3rd period - Steven Stamkos wins face-off versus Mika Zibanejad in neutral zone.
12:40 of 3rd period - Off-side.
12:41 of 3rd period - Steven Stamkos wins face-off versus Chris Kreider in neutral zone.
12:43 of 3rd period - Off-side.
12:44 of 3rd period - Steven Stamkos wins face-off versus Mika Zibanejad in neutral zone.
13:01 of 3rd period - Steven Stamkos is hit by Chris Kreider and loses puck.
13:24 of 3rd period - Wrist shot by Steven Stamkos.
13:24 of 3rd period - Shot Misses the Net.
13:32 of 3rd period - Wrist shot by Brendan Gallagher.
13:32 of 3rd period - Stopped by Robin Lehner with a rebound.
13:34 of 3rd period - Wrist shot by Roope Hintz.
13:34 of 3rd period - Stopped by Robin Lehner with a rebound.
13:36 of 3rd period - Snap shot by Roope Hintz.
13:36 of 3rd period - Stopped by Robin Lehner without a rebound.
13:37 of 3rd period - Jean-Gabriel Pageau wins face-off versus Cal Clutterbuck in Canadiens zone.
13:46 of 3rd period - Snap shot by Artemi Panarin.
13:46 of 3rd period - Stopped by Ondrej Pavelec with a rebound.
14:10 of 3rd period - Snap shot by Rickard Rakell.
14:10 of 3rd period - Stopped by Ondrej Pavelec with a rebound.
14:12 of 3rd period - Slapshot by Justin Schultz.
14:12 of 3rd period - Stopped by Ondrej Pavelec with a rebound.
14:40 of 3rd period - Minor Penalty to Jonathan Marchessault for Holding Stick.
14:41 of 3rd period - Mika Zibanejad wins face-off versus Steven Stamkos in Golden Knights zone.
16:40 of 3rd period - Penalty to Jonathan Marchessault is over, Jonathan Marchessault is back on ice.
16:58 of 3rd period - Slapshot by Rickard Rakell.
16:58 of 3rd period - Stopped by Ondrej Pavelec without a rebound.
16:59 of 3rd period - Andrei Loktionov wins face-off versus Jordan Szwarz in Golden Knights zone.
17:36 of 3rd period - Backhand shot by Jamie Oleksiak.
17:36 of 3rd period - Shot Blocked by Brian Dumoulin.
18:07 of 3rd period - Snap shot by Gabriel Bourque.
18:07 of 3rd period - Shot Misses the Net.
18:25 of 3rd period - Anton Lindholm is hit by Cam Fowler and loses puck.
18:40 of 3rd period - Steven Stamkos is hit by Jiri Sekac and loses puck.
19:33 of 3rd period - Snap shot by JT Compher.
19:33 of 3rd period - Stopped by Robin Lehner with a rebound.
Goals for this period are 1 for Golden Knights vs 1 for Canadiens.
Shots for this period are 10 for Golden Knights vs 12 for Canadiens.
Overtime #1
0:01 of 1st overtime period - Steven Stamkos wins face-off versus Mika Zibanejad in neutral zone.
0:38 of 1st overtime period - Slapshot by Rasmus Ristolainen.
0:38 of 1st overtime period - Deflect By Chris Kreider.
0:38 of 1st overtime period - Shot Misses the Net.
0:38 of 1st overtime period - Puck is out of play.
0:39 of 1st overtime period - Steven Stamkos wins face-off versus Mika Zibanejad in Golden Knights zone.
1:09 of 1st overtime period - Wrist shot by Rasmus Ristolainen.
1:09 of 1st overtime period - Shot Blocked by Zach Bogosian.
1:17 of 1st overtime period - Snap shot by Andrei Loktionov.
1:17 of 1st overtime period - Shot Blocked by Rasmus Ristolainen.
1:50 of 1st overtime period - Slapshot by Jordan Szwarz.
1:50 of 1st overtime period - Stopped by Ondrej Pavelec with a rebound.
3:38 of 1st overtime period - Zach Bogosian is hit by David Pastrnak.
4:00 of 1st overtime period - Rasmus Ristolainen is hit by Brendan Gallagher and loses puck.
4:26 of 1st overtime period - Mathew Dumba is hit by Jean-Gabriel Pageau and loses puck.
4:53 of 1st overtime period - Wrist shot by JT Compher.
4:53 of 1st overtime period - Shot Misses the Net.
Goals for this period are 0 for Golden Knights vs 0 for Canadiens.
Shots for this period are 0 for Golden Knights vs 1 for Canadiens.
ShootOut
5:00 of 1st overtime period - Round #1.
5:00 of 1st overtime period - Golden Knights, Steven Stamkos.
5:00 of 1st overtime period - Backhand shot by Steven Stamkos.
5:00 of 1st overtime period - Shot Misses the Net.
5:00 of 1st overtime period - Canadiens, David Pastrnak.
5:00 of 1st overtime period - Deke by David Pastrnak.
5:00 of 1st overtime period - Stopped by Ondrej Pavelec.
5:00 of 1st overtime period - Round #2.
5:00 of 1st overtime period - Golden Knights, Brendan Gallagher.
5:00 of 1st overtime period - Backhand shot by Brendan Gallagher.
5:00 of 1st overtime period - Goal by Brendan Gallagher.
5:00 of 1st overtime period - Canadiens, Jean-Gabriel Pageau.
5:00 of 1st overtime period - Backhand shot by Jean-Gabriel Pageau.
5:00 of 1st overtime period - Goal by Jean-Gabriel Pageau.
5:00 of 1st overtime period - Round #3.
5:00 of 1st overtime period - Golden Knights, Andrei Loktionov.
5:00 of 1st overtime period - Snap shot by Andrei Loktionov.
5:00 of 1st overtime period - Stopped by Robin Lehner.
5:00 of 1st overtime period - Canadiens, Mika Zibanejad.
5:00 of 1st overtime period - Deke by Mika Zibanejad.
5:00 of 1st overtime period - Shot Misses the Net.
5:00 of 1st overtime period - Round #4.
5:00 of 1st overtime period - Golden Knights, Cal Clutterbuck.
5:00 of 1st overtime period - Deke by Cal Clutterbuck.
5:00 of 1st overtime period - Goal by Cal Clutterbuck.
5:00 of 1st overtime period - Canadiens, Artemi Panarin.
5:00 of 1st overtime period - Backhand shot by Artemi Panarin.
5:00 of 1st overtime period - Stopped by Ondrej Pavelec.